Map: Lerilak Crest

Players

Ninkazi

  • Race: Terran Terran
  • League: Master

Valshadow

  • Race: Terran Terran

monk

  • Race: Zerg Zerg
  • League: Master

Azildrake

  • Race: Zerg Zerg
  • League: Gold

VOD

Have the link to the VOD?

Description

Time

  • Played on: Feb. 23, 2016, 6:39 a.m.
  • Length: 6:50
Show
View Real Time Build Order
Export as new Build Order

Ninkazi Terran 

Build Orders: Reaper Expand 

Get SALT Encoding   

  12  0:01  SCV  
  13  0:13  SCV  
  14  0:18  Supply Depot  
  14  0:25  SCV  
  15  0:39  SCV  
  15  0:40  Barracks  
  16  0:44  Refinery  
  16  0:51  SCV  
  17  1:03  SCV  
  18  1:16  SCV  
  19  1:28  Orbital Command  
  19  1:29  Reaper  
  20  1:41  Command Center  
  20  1:51  Supply Depot  
  20  1:53  SCV  
  21  2:01  Marine  
  22  2:06  SCV  
  23  2:14  Factory  
  23  2:18  SCV  
  23  2:19  Refinery  
  24  2:23  Barracks Reactor  
  24  2:30  SCV  
  25  2:42  SCV  
  26  2:53  Orbital Command  
  26  2:54  SCV  
  27  3:00  Starport  
  27  3:06  SCV  
  27  3:08  Barracks Tech Lab  
  27  3:10  Hellion x2  
  32  3:18  SCV x2  
  34  3:29  Marine  
  34  3:30  Stimpack, SCV  
  34  3:31  Hellion x2  
  34  3:32  SCV  
  41  3:38  Supply Depot  
  41  3:39  Medivac  
  43  3:42  SCV  
  43  3:44  SCV  
  45  3:51  Supply Depot, Marine  
  46  3:59  Barracks  
  46  4:00  SCV x2  
  46  4:02  Factory Reactor, Barracks  
  48  4:09  Marine, Viking  
  51  4:14  SCV x2  
  51  4:17  Refinery  
  53  4:23  Supply Depot  
  53  4:26  SCV  
  53  4:27  SCV  
  53  4:30  Marine  
  56  4:38  SCV  
  56  4:39  Supply Depot  
  56  4:40  SCV  
  56  4:42  Engineering Bay  
  56  4:45  Starport Reactor  
  58  4:46  Marine x2  
  58  4:50  Factory Reactor  
  58  4:51  SCV  
  61  4:53  Marine  
  61  4:54  SCV  
  61  4:57  Marine  
  61  4:58  Marine  
  65  5:03  SCV  
  65  5:04  Supply Depot  
  65  5:06  SCV, Armory, Marine x2  
  67  5:11  Marine  
  68  5:15  SCV, Marine  
  68  5:18  SCV  
  71  5:22  Medivac x2  
  71  5:24  Marine x2  
  71  5:27  Hellion  
  79  5:29  Hellion  
  79  5:32  SCV x2  
  79  5:37  Marine  
  79  5:38  Marine  
  79  5:39  Marine  
  79  5:41  Marine  
  83  5:44  SCV  
  83  5:45  Supply Depot  
  86  5:50  Hellion  
  86  5:55  Supply Depot  
  86  6:06  SCV, Hellion, Medivac, Marine x3  
  94  6:11  Command Center  
  94  6:17  Refinery  
  94  6:20  SCV x2  
  94  6:22  Marine x2  
  94  6:24  Marine x2, Engineering Bay  
  94  6:25  Marine  
  102  6:42  Supply Depot  
  102  6:45  Supply Depot  
Show
View Real Time Build Order
Export as new Build Order

Valshadow Terran 

Build Orders:  

Get SALT Encoding   

  12  0:01  Drone  
  13  0:08  Drone  
  14  0:17  Overlord  
  14  0:47  Hatchery  
  14  0:48  Drone  
  14  0:50  Drone  
  14  0:53  Drone  
  14  0:56  Extractor  
  15  1:03  Drone  
  16  1:18  Spawning Pool  
  16  1:23  Drone x2  
  17  1:32  Drone  
  18  2:08  Queen  
  18  2:10  Overlord  
  18  2:12  Drone  
  18  2:13  Drone  
  18  2:14  Drone x2  
  24  2:16  Metabolic Boost  
  24  2:34  Zergling x4, Extractor  
  25  2:37  Queen  
  27  2:51  Drone  
  28  2:56  Drone  
  29  3:08  Drone  
  29  3:15  Overlord  
  29  3:22  Hatchery  
  28  3:30  Drone x2  
  28  3:34  Baneling Nest  
  29  3:40  Drone  
  30  3:47  Drone  
  31  3:51  Drone  
  32  4:02  Zergling x2  
  32  4:03  Zergling x6  
  32  4:05  Queen  
  37  4:12  Spine Crawler  
  37  4:16  Drone  
  37  4:28  Drone x3  
  37  4:29  Drone  
  42  4:31  Zergling x6  
  42  4:35  Drone  
  42  4:37  Overlord  
  45  4:39  Queen  
  47  4:47  Extractor, Drone x2  
  47  4:55  Spine Crawler  
  47  4:57  Drone  
  47  4:58  Drone x2  
  48  5:07  Drone x2  
  48  5:09  Drone x2  
  48  5:13  Lair  
  49  5:39  Drone x2  
  49  5:40  Drone  
  53  5:42  Drone  
  53  5:43  Drone x3  
  53  5:44  Drone  
  53  5:46  Spine Crawler  
  56  5:51  Queen, Overlord  
  56  5:52  Overlord  
  58  6:01  Extractor  
  57  6:06  Drone  
  57  6:08  Overlord x2  
  57  6:10  Zergling x2  
  59  6:12  Zergling x2  
  59  6:13  Zergling x2  
  61  6:20  Spire  
  61  6:23  Zergling x6  
Show
View Real Time Build Order
Export as new Build Order

monk Zerg 

Build Orders:  

Get SALT Encoding   

Show
View Real Time Build Order
Export as new Build Order

Azildrake Zerg 

Build Orders:  

Get SALT Encoding   

Tags
 
Add a new tag
Caveats
  • Supply blocks, unpowered buildings, or Contaminate may cause inaccurate times.
  • Supply counts are checked every 10 seconds.